 Dungeon Crawl Stone Soup version 0.28.0-53-g5a82cb258f (webtiles) character file.

Game seed: 1349134560953401355

1895 buhh the Transmogrifier (level 9, -6/61 HPs)
             Began as an Octopode Transmuter on June 20, 2022.
             Was an Initiate of Cheibriados.
             Mangled by a two-headed ogre
             ... wielding a +0 giant club
              (21 damage)
             ... on level 5 of the Dungeon.
             The game lasted 00:12:38 (6615 turns).

buhh the Transmogrifier (Octopode Transmuter)       Turns: 6615, Time: 00:12:39

Health: -6/61      AC:  6    Str: 10    XL:     9   Next: 15%
Magic:  10/12      EV: 19    Int: 21    God:    Cheibriados [......]
Gold:   290        SH:  0    Dex: 18    Spells: 2/12 levels left

rFire   . . .      SeeInvis .     - Unarmed
rCold   . . .      Faith    .   (shield currently unavailable)
rNeg    . . .      Spirit   .   (helmet currently unavailable)
rPois   x          Reflect  .   (no amulet)
rElec   .          Harm     .   f - +4 ring of protection
rCorr   .          Rampage  .   (no ring)
Will    .....                   (no ring)
Stlth   ++........              (no ring)
HPRegen 0.20/turn               (no ring)
MPRegen 0.13/turn               (no ring)
                                (no ring)
                                (no ring)

@: spider-form, very slow
A: venomous fangs, almost no armour, (amphibious), 8 rings, tiny, (camouflage
1), (gelatinous body 1), (nimble swimmer 1), (tentacles)
a: End Transformation, Renounce Religion


You were on level 5 of the Dungeon.
You worshipped Cheibriados.
Cheibriados was noncommittal.
You were a venomous arachnid creature.
You visited 2 branches of the dungeon, and saw 7 of its levels.

You collected 290 gold pieces.

Inventory:

Jewellery
 f - a +4 ring of protection (left front leg)
Wands
 G - a wand of paralysis (19)
Scrolls
 a - 2 scrolls of silence {unknown}
 b - a scroll of summoning {unknown}
 c - a scroll of acquirement {unknown}
 d - a scroll of enchant weapon {unknown}
 g - 3 scrolls of identify {!d}
 j - a scroll of noise {unknown}
 n - 2 scrolls of fear {unknown}
Potions
 e - a potion of berserk rage {unknown}
 h - a potion of resistance {unknown}
 i - 2 potions of haste {unknown}
 k - a potion of cancellation {unknown}
 l - 2 potions of attraction {unknown}
 m - 2 potions of brilliance {unknown}
 o - 3 potions of mutation {unknown}
 N - 2 potions of curing {!q!d}


   Skills:
 - Level 5.0 Fighting
 - Level 2.0 Dodging
 - Level 1.0 Stealth
 - Level 5.0 Unarmed Combat
 - Level 2.0 Spellcasting
 * Level 9.0 Transmutations
 * Level 3.7 Ice Magic


You had 2 spell levels left.
You knew the following spells:

 Your Spells              Type           Power      Damage    Failure   Level
a - Beastly Appendage     Tmut           80%        N/A       3%          1
b - Wereblood             Tmut           40%        N/A       3%          2
c - Spider Form           Tmut/Pois      21%        N/A       19%         3
d - Ice Form              Ice/Tmut       29%        N/A       26%         4

Your spell library contained the following spells:

 Spells                   Type           Power      Damage    Failure   Level
 Leda's Liquefaction      Hex/Erth       1%         N/A       93%         4
 Lee's Rapid Deconstruct  Erth           1%         3d5*      99%         5
 Statue Form              Tmut/Erth      14%        N/A       99%         6


Dungeon Overview and Level Annotations

Branches:
Dungeon (6/15)             Temple (1/1) D:5

Altars:
Cheibriados
Dithmenos
Elyvilon
Hepliaklqana
Kikubaaqudgha
Nemelex Xobeh
Okawaru
Ru
Trog
Uskayaw
Yredelemnul
The Shining One

Annotations:
D:5 2 runed translucent doors, exclusion: 2 doors, 0gre's ghost, amateur GnIE


Innate Abilities, Weirdness & Mutations

You are a venomous arachnid creature.
You have poisonous fangs.
You are tiny and dextrous.
Your spellcasting is less reliable in this form.
Your armour is entirely melded.
You are incapable of wielding weapons or throwing items.
You cannot wear most types of armour.
((You are amphibious.))
You can wear up to eight rings at the same time.
((Your skin changes colour to match your surroundings (Stealth+).))
((Your rubbery body absorbs attacks. (AC +1, EV +1)))
((You are camouflaged when in or above water. (Stealth+)))
((You have tentacles for arms and can constrict up to eight enemies at once.))


Message History

Level annotation: 2 runed translucent doors, exclusion: 2 doors, 0gre's ghost, amateur GnIE
There is a stone staircase leading down here.
Your transformation is almost over.
HP restored.
Your tentacle spike disappears.
The two-headed ogre shouts in stereo!
Aiming: Paralyse
Press: ? - help, Shift-Dir - straight line, f - two-headed ogre
Aim: a two-headed ogre, wielding a +0 giant club and a +0 giant spiked club (chance to affect: 31%)
The two-headed ogre suddenly stops moving!
Casting: Beastly Appendage (safe; 1% risk of failure)
Confirm with . or Enter, or press ? or * to list all spells.
You turn into a venomous arachnid creature.
You see here 3 poisoned darts.
The helpless two-headed ogre fails to defend itself.
You hit the two-headed ogre but do no damage.
The helpless two-headed ogre fails to defend itself.
You hit the two-headed ogre but do no damage.
The two-headed ogre is poisoned.
The helpless two-headed ogre fails to defend itself.
You hit the two-headed ogre.
The two-headed ogre is lightly wounded.
The two-headed ogre is no longer paralysed.
The two-headed ogre barely misses you.
The two-headed ogre hits you with a +0 giant spiked club!!
You hit the two-headed ogre.
The two-headed ogre looks as sick as possible!
The two-headed ogre is lightly wounded.
You hit the two-headed ogre.
The two-headed ogre looks as sick as possible!
The two-headed ogre is moderately wounded.
The two-headed ogre completely misses you.
The two-headed ogre closely misses you.
You bite the two-headed ogre!
The two-headed ogre looks as sick as possible!
The two-headed ogre is heavily wounded.
The two-headed ogre hits you with a +0 giant club!!
* * * LOW HITPOINT WARNING * * *
The two-headed ogre hits you with a +0 giant spiked club!!
You die...

.........#######......
.....(...# #####
.........# .........#
.##...####
.####...##############
...####..##..........#
##(# ##.##..........#
...#####......(.sO...#
.....................#
.........##..........#
.............#########
.......###.....
######## #......
#........ #........
#######


You could see a two-headed ogre (extremely poisoned).

Vanquished Creatures
  Pikel (D:4)
  Eustachio (D:4)
  Duvessa (D:5)
  Pargi (D:4)
  An ogre (D:5)
  A centaur (D:5)
  4 lemures
  4 scorpions
  A wyvern skeleton (D:6)
  Dowan (D:5)
  5 killer bees (D:5)
  4 jellies
  A hound (D:4)
  A bullfrog skeleton (D:5)
  An iguana (D:4)
  An orc wizard (D:4)
  A killer bee zombie (D:6)
  3 hound skeletons
  2 adders
  An adder zombie (D:5)
  3 adder skeletons
  4 worms
  4 dart slugs
  2 orcs (D:4)
  7 bats
  6 endoplasms
  5 giant cockroaches
  7 hobgoblins
  4 jackals (D:1)
  3 quokkas
  7 ball pythons
  A frilled lizard (D:2)
  10 goblins
  8 kobolds
  3 rats
110 creatures vanquished.

Notes
Turn   | Place    | Note
-------+----------+-------------------------------------------
     0 | D:1      | buhh the Octopode Transmuter began the quest for the Orb.
     0 | D:1      | Reached XP level 1. HP: 13/13 MP: 3/3
   134 | D:1      | Found a faded altar of an unknown god.
   267 | D:1      | Reached XP level 2. HP: 15/19 MP: 3/5
   821 | D:1      | Reached XP level 3. HP: 25/25 MP: 4/6
  1417 | D:2      | Reached XP level 4. HP: 32/32 MP: 5/7
  2506 | D:4      | Reached XP level 5. HP: 36/38 MP: 6/8
  2585 | D:4      | Learned a level 2 spell: Wereblood
  2589 | D:4      | Learned a level 3 spell: Spider Form
  3007 | D:4      | Reached skill level 3 in Transmutations
  3007 | D:4      | Reached XP level 6. HP: 32/45 MP: 9/9
  3167 | D:5      | Entered Level 5 of the Dungeon
  3167 | D:5      | Noticed 0gre's ghost (amateur GnIE)
  3167 | D:5      | Found a large runed translucent door.
  3167 | D:5      | Found a large runed translucent door.
  3284 | D:5      | Reached skill level 4 in Transmutations
  3351 | D:5      | Reached skill level 5 in Transmutations
  3351 | D:5      | Reached XP level 7. HP: 25/50 MP: 7/10
  3761 | D:4      | Noticed Pargi
  3775 | D:4      | Found a shadowy altar of Dithmenos.
  3785 | D:4      | Killed Pargi
  3786 | D:4      | Reached skill level 6 in Transmutations
  3966 | D:4      | Found a glowing golden altar of the Shining One.
  4218 | D:4      | Noticed Eustachio
  4296 | D:4      | Found an ancient bone altar of Kikubaaqudgha.
  4323 | D:4      | Noticed Pikel
  4988 | D:4      | Killed Pikel
  4989 | D:4      | Reached skill level 8 in Transmutations
  4989 | D:4      | Reached XP level 8. HP: 44/55 MP: 5/11
  5125 | D:4      | Learned a level 4 spell: Ice Form
  5228 | D:4      | Killed Eustachio
  5419 | D:5      | Found a staircase to the Ecumenical Temple.
  5554 | Temple   | Entered the Ecumenical Temple
  5561 | Temple   | Became a worshipper of Cheibriados the Contemplative
  5636 | D:5      | Found a basalt altar of Yredelemnul.
  5720 | D:5      | Noticed Duvessa
  5720 | D:5      | Noticed Dowan
  5740 | D:5      | Killed Duvessa
  5991 | D:5      | Killed Dowan
  5992 | D:5      | Reached XP level 9. HP: 53/61 MP: 9/12
  6432 | D:5      | Noticed a two-headed ogre
  6555 | D:6      | Reached skill level 9 in Transmutations
  6615 | D:5      | Mangled by a two-headed ogre

Illustrated notes

Levels and vault maps discovered:
D:1:      dpeg_arrival_simpleton_b, layout_basic,
          shapermc_ecumenical_altar_pompeii, kennysheep_small_spiral,
          skrybe_limestone_x, st_stairs_2, minmay_vboxes
D:2:      layout_rooms
D:3:      layout_basic
D:4:      layout_basic, lemuel_crystal_altar, mainiacjoe_overflow_alcove_2,
          nicolae_tso_swordbearing_angel, uniq_pikel, uniq_pargi, uniq_eustachio
D:5:      layout_rooms, kennysheep_mini_moat, minmay_temple_entry_junction,
          ebering_ghost_disaster_area, uniq_duvessa
D:6:      layout_basic, grunt_temple_overflow_champion_of_chaos,
          mainiacjoe_overflow_alcove_1, mainiacjoe_overflow_brackets,
          serial_shops, nicolae_shop_hallway_stairs, serial_rivers,
          chequers_serial_rivers_large_a, chequers_serial_rivers_room_b,
          chequers_serial_rivers_micro_c, chequers_serial_rivers_marsh,
          chequers_serial_rivers_micro_d, gammafunk_ghost_split
Temple:   eino_temple_lava

Skill      XL: |  1  2  3  4  5  6  7  8  9 |
---------------+----------------------------+-----
Stealth        | 1 |  1.0
Fighting       | 2 3 4 5 |  5.0
Transmutations | 3 5 8 9 |  9.0
Unarmed Combat | 4 5 |  5.0
Ice Magic      | 3 |  3.7
Dodging        | |  2.0
Spellcasting   | |  2.0

Action                   |  1- 3 |  4- 6 |  7- 9 || total
-------------------------+-------+-------+-------++-------
Melee: Unarmed           |    98 |    80 |   206 ||   384
       Kick              |    27 |    25 |    34 ||    86
       Constrict         |    24 |    16 |    19 ||    59
       Punch             |     5 |     1 |     5 ||    11
       Tentacles         |    16 |    20 |    25 ||    61
 Cast: Beastly Appendage |    18 |    21 |    16 ||    55
       Spider Form       |       |     2 |    16 ||    18
       Wereblood         |       |     1 |     1 ||     2
Evoke: Wand              |       |       |     2 ||     2
  Use: Scroll            |     4 |     1 |       ||     5
       Potion            |       |     3 |     1 ||     4
 Stab: Sleeping          |     9 |     4 |     4 ||    17
       Distracted        |       |     1 |       ||     1
       Paralysed         |       |       |     8 ||     8
Armor: Skin              |    25 |    25 |    58 ||   108
Dodge: Dodged            |    47 |    61 |   211 ||   319
